 Dungeon Crawl Stone Soup version 0.32-a0-17-gb74e046682 (webtiles) character file.

Game seed: 7545774445675597628

24257 Newt the Skirmisher (level 13, -7/78 HPs)
             Began as a Kobold Hunter on Jan 15, 2024.
             Was an Initiate of Hepliaklqana.
             Incinerated by a deep elf pyromancer (9 damage)
             ... with a pyre arrow
             ... on level 11 of the Dungeon.
             The game lasted 00:21:34 (16744 turns).

Newt the Skirmisher (Kobold Hunter)                Turns: 16744, Time: 00:21:35

Health: -7/78      AC:  8    Str:  8    XL:     13   Next: 41%
Magic:  0/25       EV: 22    Int: 15    God:    Hepliaklqana [......]
Gold:   791        SH:  0    Dex: 23    Spells: 25/29 levels left

rFire   . . .        T - +3 orcbow "Orriat" {flame, Will++ Int+4}
rCold   + . .        (shield currently unavailable)
rNeg    . . .        G - +2 leather armour {rC+}
rPois   .            g - +1 hat
rElec   .            K - scarf {+Inv}
rCorr   .            u - +0 pair of gloves
SInv    .            y - +0 pair of boots
Will    +++..        z - amulet of guardian spirit
Stlth   ++           i - ring of willpower
HPRegen 0.33/turn    F - +4 ring of slaying
MPRegen 0.19/turn

%: guardian spirit
@: on fire, glowing
A: small, no large weapons, nightstalker 3, hooves 1, wild magic 1
a: Renounce Religion, Evoke Invisibility


You were on level 11 of the Dungeon.
You worshipped Hepliaklqana.
Hepliaklqana was noncommittal.
You visited 2 branches of the dungeon, and saw 13 of its levels.
You also visited: Ice Cave.

You collected 1051 gold pieces.
You spent 260 gold pieces at shops.

Inventory:

Hand Weapons
 a - a +0 shortbow
 h - a +2 sling of draining
 S - a +0 arbalest of freezing
 T - the +3 orcbow "Orriat" (weapon) {flame, Will++ Int+4}
   (You found it in an ice cave)

   Int+4:     It affects your intelligence (+4).
   Will++:    It greatly increases your willpower.
Armour
 c - a +0 leather armour
 g - a +1 hat (worn)
 m - a +0 kite shield of cold resistance
 u - a +0 pair of gloves (worn)
 y - a +0 pair of boots (worn)
 G - a +2 leather armour of cold resistance (worn)
 K - a scarf of invisibility (worn)
 Q - a +1 buckler of cold resistance
 R - the crystal ball of Wucad Mu {*channel}
   (You found it in an ice cave)

   *Channel:  It often returns the magic spent to cast spells, but lowers their
   success rate.
   It always returns the magic spent on miscasts.
 U - a +0 crystal plate armour of cold resistance
Jewellery
 i - a ring of willpower (left hand)
 j - a ring of fire
 r - a ring of see invisible
 z - an amulet of guardian spirit (around neck)
 F - a +4 ring of slaying (right hand)
 J - a ring of willpower
 O - a ring of ice
 V - a ring of positive energy
 W - an amulet of faith
Wands
 s - a wand of iceblast (15)
 B - a wand of quicksilver (5)
 I - a wand of charming (19)
 P - a wand of flame (12)
Scrolls
 b - a scroll of butterflies
 f - 2 scrolls of blinking
 k - 3 scrolls of fog
 t - 5 scrolls of noise
 w - 4 scrolls of identify
 x - 2 scrolls of vulnerability
 D - 2 scrolls of amnesia
 E - 4 scrolls of teleportation
 L - a scroll of enchant armour
 M - 5 scrolls of fear
 N - a scroll of immolation
Potions
 d - 5 potions of curing
 e - 2 potions of might
 l - 4 potions of cancellation
 n - 7 potions of lignification
 o - 2 potions of heal wounds
 p - 3 potions of degeneration
 q - 2 potions of attraction
 v - a potion of magic
 A - 2 potions of mutation
 C - 2 potions of resistance
 H - a potion of berserk rage


   Skills:
 - Level 8.0 Fighting
 - Level 12.0 Ranged Weapons
 - Level 10.0 Dodging
 - Level 9.0 Stealth
 + Level 8.8 Spellcasting
 + Level 8.6 Hexes
 + Level 8.7 Translocations
 - Level 7.0 Evocations


You had 25 spell levels left.
You knew the following spells:

 Your Spells              Type           Power      Damage    Failure   Level
a - Dimensional Bullseye  Hex/Tloc       21%        N/A       8%          4

Your spell library contained the following spells:

 Spells                   Type           Power      Damage    Failure   Level
 Gell's Gravitas          Tloc           42%        N/A       2%          3
 Teleport Other           Tloc           42%        N/A       2%          3
 Tukima's Dance           Hex            42%        N/A       2%          3
 Ensorcelled Hibernation  Hex/Ice        50%        N/A       7%          2
 Sublimation of Blood     Necr           8%         N/A       32%         2
 Anguish                  Hex/Necr       12%        N/A       34%         4
 Iskenderun's Mystic Bla  Conj/Tloc      25%        2d7       34%         4
 Vhi's Electric Charge    Tloc/Air       50%        N/A       34%         4
 Fugue of the Fallen      Necr           8%         N/A       52%         3
 Passwall                 Erth           8%         N/A       52%         3
 Swiftness                Air            8%         N/A       52%         3
 Dispersal                Tloc           21%        N/A       65%         6
 Petrify                  Alch/Erth      8%         N/A       89%         4
 Arcjolt                  Conj/Air       4%         1d14      99%         5
 Irradiate                Conj/Alch      4%         3d13      99%         5
 Plasma Beam              Fire/Air       4%         2x1d14    100%        6


Dungeon Overview and Level Annotations

Branches:
Dungeon (12/15)            Temple (1/1) D:5            Lair (0/5) D:9
    Orc (0/2) D:9           IceCv (visited)

Altars:
Ashenzari
Cheibriados
Dithmenos
Elyvilon
Fedhas
Gozag
Hepliaklqana
Kikubaaqudgha
Makhleb
Nemelex Xobeh
Okawaru
Qazlal
Ru
Sif Muna
Trog
Uskayaw
Vehumet
Wu Jian
Xom
Yredelemnul
Zin
The Shining One

Shops:
D:3 (!=!   D:6 (


Innate Abilities, Weirdness & Mutations

You are small and have problems with some larger weapons.
You are completely attuned to the shadows.
You have large cloven feet.
Your spells are a little harder to cast, but a little more powerful.


Message History

The arrow barely misses the deep elf pyromancer.
The liquid fire burns you!
The deep elf pyromancer casts a spell.
The deep elf pyromancer blinks!
You shoot an arrow.
The arrow closely misses the fire elemental.
The liquid fire burns you! The fire elemental closely misses you.
You shake off some of the fire as you move.
The liquid fire burns you! The fire elemental closely misses you.
Unknown command.
You shoot an arrow. The arrow hits the deep elf pyromancer!
The arrow burns the deep elf pyromancer.
The deep elf pyromancer is almost dead.
The liquid fire burns you!
* * * LOW HITPOINT WARNING * * *
The fire elemental hits you. The fire elemental burns you!
* * * LOW HITPOINT WARNING * * *
The deep elf pyromancer gestures wildly while chanting.
The deep elf pyromancer blinks!
The fire elemental barely misses you.
Unknown command.
Fire: T) +3 orcbow "Orriat" {flame, Will++ Int+4}
Press: ? - help, Shift-Dir - straight line, f/p - deep elf pyromancer
Aim: a deep elf pyromancer, wielding a +0 rapier (almost dead, 66% to hit)
You shoot an arrow.
The arrow closely misses the deep elf pyromancer.
The liquid fire burns you!
* * * LOW HITPOINT WARNING * * *
The fire elemental misses you.
The deep elf pyromancer gestures at you while chanting.
The bolt of fire misses you.
Aiming: Quicksilver Bolt
Press: ? - help, Shift-Dir - straight line, f/p - deep elf pyromancer
Aim: a deep elf pyromancer, wielding a +0 rapier (almost dead, 64% to hit)
The bolt of dispelling energy hits the deep elf pyromancer!!
You kill the deep elf pyromancer!
The fire elemental disappears in a puff of smoke!
The liquid fire burns you!
You die...

..####..#... .. #........#
...........# #..#..#..#
.#####.....#######..# ####..####
.# #.....#..#..#..# #..#
.#####........#....°e ....
........).)..###..E.E ...).
..###(..###..)...## ..#
#....#.....°§.#
..###.#..#..#..#@.#
...)..#######..####
#.###.#..#..#..#..# #.#
#....#[....§..# #.#
#..%###c...†x###..
#.###......D.###......
#..)..........#....... ....
######....†#..#..#..#. #..#
######.....#######..#######..####


There were no monsters in sight!

Vanquished Creatures
  Erica (D:11)
  A centaur warrior (D:11)
  A tengu warrior (D:11)
  5 two-headed ogres
  2 deep elf pyromancers (D:11)
  An orc knight (D:10)
  2 cyclopes (D:11)
  An ugly thing (D:11)
  2 manticores
  An ice statue (IceCv)
  4 gargoyles
  2 unseen horrors
  A kobold demonologist (D:11)
  A komodo dragon (D:10)
  An anaconda simulacrum (IceCv)
  4 trolls
  2 hornets (D:10)
  A vampire (D:9)
  A slime creature (D:10)
  2 shadows (D:10)
  A wyvern (D:8)
  A basilisk (D:11)
  A wraith (D:11)
  2 dire elephant simulacra (IceCv)
  12 yaks
  A vampire mosquito (D:10)
  4 steam dragons
  A death yak simulacrum (IceCv)
  A harpy simulacrum (IceCv)
  2 acid dragons (D:10)
  2 water moccasins (D:9)
  A hydra simulacrum (IceCv)
  A sky beast (D:5)
  6 orc warriors
  2 black bears
  2 ice beasts
  An ogre (D:7)
  A phantom (D:7)
  10 centaurs
  6 kobold brigands
  A gnoll sergeant (D:8)
  6 scorpions
  12 bullfrogs
  4 two-headed ogre simulacra (IceCv)
  3 cane toad simulacra (IceCv)
  A burial acolyte (D:10)
  3 wights (D:8)
  18 killer bees
  An elephant simulacrum (IceCv)
  2 howler monkeys
  3 gnoll boudas
  5 hounds
  A bombardier beetle (D:3)
  A bombardier beetle (shapeshifter) (D:11)
  7 orc priests
  2 jellies
  Ijyb (D:5)
  Terence (D:2)
  Jessica (D:3)
  7 iguanas
  16 orc wizards
  2 polar bear simulacra (IceCv)
  7 spriggan simulacra (IceCv)
  6 troll simulacra (IceCv)
  A wolf simulacrum (IceCv)
  21 gnolls
  7 adders
  7 naga simulacra (IceCv)
  2 shadow imps
  4 white imps
  4 ufetubi
  4 dart slugs
  A ribbon worm (D:4)
  51 orcs
  6 ball pythons
  4 endoplasms
  2 giant cockroaches
  5 goblins
  5 hobgoblins
  4 jackals (D:2)
  5 quokkas
  2 bats
  4 frilled lizards
  2 jackal zombies (D:10)
  19 kobolds
  8 rats
  A spectral kobold (D:7)
374 creatures vanquished.

Vanquished Creatures (collateral kills)
  A reaper (IceCv)
  An ugly thing (D:10)
  A wraith (D:10)
3 creatures vanquished.

Grand Total: 377 creatures vanquished

Notes
Turn   | Place    | Note
-------+----------+-------------------------------------------
     0 | D:1      | Newt the Kobold Hunter began the quest for the Orb.
     0 | D:1      | Reached XP level 1. HP: 12/12 MP: 1/1
   320 | D:1      | Reached XP level 2. HP: 18/18 MP: 2/2
  1046 | D:2      | Reached XP level 3. HP: 16/23 MP: 3/3
  1229 | D:2      | Reached XP level 4. HP: 30/30 MP: 4/4
  1257 | D:2      | Noticed Terence
  1268 | D:2      | Killed Terence
  1269 | D:2      | Reached skill level 5 in Fighting
  1358 | D:2      | Reached XP level 5. HP: 20/35 MP: 5/5
  1365 | D:2      | Reached skill level 6 in Ranged Weapons
  1717 | D:3      | Noticed Jessica
  1718 | D:3      | Killed Jessica
  1721 | D:3      | Found a stormy altar of Qazlal.
  1858 | D:3      | Found an ornate altar of the Wu Jian Council.
  1872 | D:3      | Reached skill level 7 in Ranged Weapons
  1880 | D:3      | Reached XP level 6. HP: 35/40 MP: 6/6
  2141 | D:3      | Found Modou's Distillery.
  2146 | D:3      | Bought a potion of curing for 42 gold pieces
  2146 | D:3      | Bought a potion of lignification for 42 gold pieces
  2146 | D:3      | Bought a potion of heal wounds for 70 gold pieces
  2146 | D:3      | Bought a potion of degeneration for 14 gold pieces
  2146 | D:3      | Bought a potion of attraction for 42 gold pieces
  2333 | D:3      | Found Bazoux's Jewellery Boutique.
  2359 | D:3      | Found a faded altar of an unknown god.
  2387 | D:3      | Found Doud Voo's Weapon Shop.
  2482 | D:3      | Found Erieph's Distillery.
  2485 | D:3      | Bought a potion of heal wounds for 50 gold pieces
  2711 | D:4      | Reached skill level 8 in Ranged Weapons
  2971 | D:4      | Reached XP level 7. HP: 44/44 MP: 7/7
  3080 | D:4      | Reached skill level 9 in Ranged Weapons
  3807 | D:5      | Entered Level 5 of the Dungeon
  3987 | D:5      | Reached skill level 5 in Dodging
  4144 | D:5      | Identified the +5 rapier "Konew" {vamp, *Rage rF+ rC++}
  4198 | D:5      | Reached XP level 8. HP: 49/49 MP: 8/8
  4201 | D:5      | Found a staircase to the Ecumenical Temple.
  4207 | Temple   | Entered the Ecumenical Temple
  4220 | D:5      | Noticed Ijyb
  4232 | D:5      | Killed Ijyb
  4410 | D:5      | Reached skill level 5 in Stealth
  5418 | D:6      | Reached XP level 9. HP: 58/58 MP: 9/9
  5550 | D:6      | Found Kariogrono's Weapon Boutique.
  5642 | D:6      | Found a shimmering blue altar of Sif Muna.
  5738 | D:6      | Reached skill level 10 in Ranged Weapons
  5861 | D:6      | Found a snail-covered altar of Cheibriados.
  6124 | D:7      | Reached skill level 11 in Ranged Weapons
  6408 | D:7      | Gained mutation: You are weak. (Str -2) [potion of
                  | mutation]
  6408 | D:7      | Gained mutation: You are robust. (+10% HP) [potion of
                  | mutation]
  6469 | D:7      | Reached skill level 12 in Ranged Weapons
  6504 | D:7      | Reached skill level 1 in Evocations
  6635 | D:7      | Reached XP level 10. HP: 65/70 MP: 8/10
  6768 | D:7      | Reached skill level 5 in Evocations
  6867 | D:7      | Found a hazy altar of Hepliaklqana.
  8081 | D:8      | Reached skill level 10 in Dodging
  8345 | D:9      | Lost mutation: You are weak. (Str -2) [potion of mutation]
  8345 | D:9      | Lost mutation: You are robust. (+10% HP) [potion of
                  | mutation]
  8345 | D:9      | Gained mutation: You have large cloven feet. [potion of
                  | mutation]
  8345 | D:9      | Gained mutation: Your spells are a little harder to cast,
                  | but a little more powerful. [potion of mutation]
  8705 | D:9      | Reached XP level 11. HP: 56/68 MP: 11/11
  9115 | D:9      | Found a staircase to the Lair.
  9235 | D:9      | Found a staircase to the Orcish Mines.
  9344 | D:9      | Reached skill level 1 in Spellcasting
  9344 | D:9      | Reached skill level 1 in Hexes
  9344 | D:9      | Reached skill level 1 in Translocations
  9372 | D:9      | Found an opulent altar of Gozag.
  9788 | D:10     | Entered Level 10 of the Dungeon
  9830 | D:10     | Found a basalt altar of Yredelemnul.
  9965 | D:10     | Noticed a two-headed ogre
  9980 | D:10     | Killed a two-headed ogre
 10273 | D:10     | Found an ancient bone altar of Kikubaaqudgha.
 10388 | D:10     | Noticed a two-headed ogre
 10396 | D:10     | Killed a two-headed ogre
 10469 | D:10     | Noticed a two-headed ogre
 10472 | D:10     | Killed a two-headed ogre
 10523 | D:10     | Noticed a manticore
 10532 | D:10     | Killed a manticore
 10533 | D:10     | Noticed a brown ugly thing
 10543 | D:10     | Killed a brown ugly thing
 10544 | D:10     | Reached skill level 5 in Spellcasting
 10544 | D:10     | Reached skill level 5 in Translocations
 10544 | D:10     | Reached XP level 12. HP: 26/73 MP: 6/19
 10554 | D:10     | Reached skill level 5 in Hexes
 10963 | D:10     | Noticed a two-headed ogre
 10972 | D:10     | Killed a two-headed ogre
 11238 | D:10     | Paralysed by a hornet for 2 turns
 11608 | D:7      | Became a worshipper of Hepliaklqana the Forgotten
 12844 | D:11     | Learned a level 4 spell: Dimensional Bullseye
 12886 | D:11     | Noticed a two-headed ogre
 12892 | D:11     | Killed a two-headed ogre
 13113 | D:11     | Found a frozen archway.
 13119 | IceCv    | Entered an ice cave
 14353 | IceCv    | Noticed a reaper
 14377 | IceCv    | Killed a reaper
 14665 | IceCv    | Found the crystal ball of Wucad Mu {*channel}
 14678 | IceCv    | Identified the +3 orcbow "Orriat" {flame, Will++ Int+4}
 15003 | IceCv    | Reached XP level 13. HP: 78/78 MP: 24/24
 16019 | D:11     | Noticed Erica
 16029 | D:11     | Noticed a centaur warrior
 16363 | D:11     | Killed Erica
 16534 | D:11     | Killed a centaur warrior
 16743 | D:11     | HP: 1/78 [burnt (7)]
 16744 | D:11     | Incinerated by a deep elf pyromancer

Illustrated notes

Levels and vault maps discovered:
D:1:      evilmike_arrival_hilbert_curve, layout_basic,
          minmay_gold_behind_fungi, minmay_indecisive_spiral
D:2:      layout_rooms, uniq_terence
D:3:      layout_rooms, nicolae_overflow_hidden_temple,
          mainiacjoe_overflow_catwalk, serial_shops, nicolae_shop_behind_doors,
          shop, nicolae_shop_industrial_runoff, nicolae_shop_just_a_little_nook,
          dreamdust_ecumenical_altar_statues, serial_bayou_pond_a,
          corner_web_ring, uniq_jessica
D:4:      layout_basic
D:5:      layout_basic, minmay_temple_entry_enclosed_plants,
          palyth_stone_intersect, water_boxes_lemuel, uniq_ijyb
D:6:      layout_rooms, kennysheep_orc_sif_temple, kennysheep_slug_shrine,
          serial_shops, shop_statue
D:7:      layout_loops_ring, nicolae_hepliaklqana_monster_ancestors, minmay_bent
D:8:      layout_basic, chequers_serial_rivers_room_b, grunt_ministairs_13
D:9:      cheibrodos_steamvent, layout_gridville, kennysheep_mini,
          due_lair_maze_entry_diamond, orc_0_dummy
D:10:     minmay_quarter_circles, layout_stronghold,
          lemuel_zombie_altar_kikubaaqudgha, kennysheep_little_box,
          serial_rivers, chequers_serial_rivers_room_a,
          chequers_serial_rivers_micro_c, chequers_serial_rivers_micro_b,
          chequers_serial_rivers_small_b, chequers_serial_rivers_room_a
D:11:     hangedman_cross_cluster, layout_loops_ring,
          portal_ice_cave_entry_pillars_2, kennysheep_generic_room_7, uniq_erica
D:12:     minmay_coctagon, layout_grid_maze, nicolae_hexahallways,
          minmay_crystal_room
Temple:   zaba_magenta_temple

Skill      XL: |  1  2  3  4  5  6  7  8  9 10 11 12 13 |
---------------+----------------------------------------+-----
Fighting       | 3 4 5 7 8 |  8.0
Ranged Weapons | 7 8 9 12 | 12.0
Dodging        | 5 6 10 | 10.0
Stealth        | 5 7 9 |  9.0
Evocations     | 4 7 |  7.0
Spellcasting   | 5 7 8 |  8.8
Hexes          | 4 7 8 |  8.6
Translocations | 5 7 8 |  8.7

Action                     |  1- 3 |  4- 6 |  7- 9 | 10-12 | 13-15 || total
---------------------------+-------+-------+-------+-------+-------++-------
   Fire: Shortbow          |    19 |       |       |       |       ||    19
         Sling             |    39 |   109 |   318 |   803 |       ||  1269
         Orcbow            |       |       |       |    13 |   130 ||   143
   Cast: Dimensional Bulls |       |       |       |     3 |       ||     3
  Evoke: Wand              |       |       |       |    10 |     1 ||    11
    Use: Scroll            |     2 |     6 |    10 |     5 |     2 ||    25
         Potion            |       |       |     1 |     3 |       ||     4
 Armour: Leather armour    |    15 |    34 |    45 |   230 |    44 ||   368
  Dodge: Dodged            |    24 |    27 |   106 |   454 |    59 ||   670
  Block: Buckler           |       |       |       |    18 |       ||    18

Table legend: (Time is in decaauts)
 A = Elapsed time spent in this place.
 B = Non-inter-level travel time spent in this place.
 C = Inter-level travel time spent in this place.
 D = Time resting spent in this place.
 E = Time spent auto-exploring this place.
 F = Levels seen in this place.
 G = Mean time per level.
                   A        B        C        D        E       F      G
               +--------+--------+--------+--------+--------+-----+--------+
         Total |  16675 |  16115 |    560 |   3919 |   9915 |  14 | 1191.1 |
       Dungeon |  14574 |  14015 |    559 |   2748 |   9412 |  12 | 1214.5 |
        Temple |      1 |      0 |      1 |      0 |      0 |   1 |    1.0 |
      Ice Cave |   2099 |   2099 |      0 |   1171 |    502 |   1 | 2099.0 |
               +--------+--------+--------+--------+--------+-----+--------+

Top non-repeatable levels by time:
    D:10: 2591 daAuts
   IceCv: 2099 daAuts
     D:9: 1855 daAuts
    D:11: 1554 daAuts
     D:5: 1509 daAuts
     D:8: 1228 daAuts
     D:4: 1143 daAuts
     D:1: 996 daAuts
     D:3: 977 daAuts
     D:7: 899 daAuts
     D:6: 797 daAuts
     D:2: 714 daAuts
    D:12: 306 daAuts
  Temple: 1 daAuts
